 Dungeon Crawl Stone Soup version 0.30-a0-279-g4b46babb21 (webtiles) character file.

Game seed: 16759233868582342561

239 Harunobu the Trooper (level 5, -9/48 HPs)
             Began as a Minotaur Monk on Oct 16, 2022.
             Was a Believer of the Shining One.
             Mangled by an ogre
             ... wielding a +0 giant club
              (18 damage)
             ... on level 5 of the Dungeon.
             The game lasted 00:06:33 (3417 turns).

Harunobu the Trooper (Minotaur Monk)                Turns: 3417, Time: 00:06:35

Health: -9/48      AC:  9    Str: 18    XL:     5   Next: 79%
Magic:  4/4        EV:  8    Int:  7    God:    the Shining One [**....]
Gold:   257        SH:  0    Dex: 12    Spells: 4/4 levels left

rFire   . . .      SeeInvis .    q - +2 hand axe (freeze)
rCold   . . .      Faith    .    (no shield)
rNeg    + . .      Spirit   .    u - +0 chain mail
rPois   .          Reflect  .    (helmet restricted)
rElec   .          Harm     .    (no cloak)
rCorr   .          Rampage  .    h - +0 pair of gloves
Will    .....                    (no boots)
Stlth   ..........               (no amulet)
HPRegen 0.28/turn                g - ring of flight
MPRegen 0.09/turn                (no ring)

@: flying, glowing
A: horns 2, retaliatory headbutt
a: Renounce Religion, Divine Shield


You were on level 5 of the Dungeon.
You worshipped the Shining One.
The Shining One was pleased with you.
You visited 2 branches of the dungeon, and saw 6 of its levels.

You collected 257 gold pieces.

Inventory:

Hand Weapons
 a - a +0 mace
 d - a +3 mace
 q - a +2 hand axe of freezing (weapon)
 t - a +2 vampiric whip
Armour
 b - a +0 robe
 h - a +0 pair of gloves (worn)
 u - a +0 chain mail (worn)
Jewellery
 g - a ring of flight (left hand)
 k - an amulet of magic regeneration
Wands
 x - a wand of charming (8)
Scrolls
 e - 11 scrolls of identify {unknown}
 f - 3 scrolls of enchant weapon {unknown}
 i - a scroll of enchant armour {unknown}
 l - 2 scrolls of immolation {unknown}
 o - 2 scrolls of blinking {unknown}
 p - 2 scrolls of noise {unknown}
 w - a scroll of fear {unknown}
 y - a scroll of amnesia {unknown}
Potions
 c - 4 potions of ambrosia
 j - a potion of flight {unknown}
 m - a potion of curing {unknown}
 n - a potion of heal wounds {unknown}
 r - a potion of lignification {unknown}
 s - a potion of brilliance {unknown}
 v - a potion of degeneration {unknown}


   Skills:
 + Level 5.4 Fighting
 - Level 3.6 Maces & Flails
 + Level 4.9 Dodging
 + Level 3.4 Stealth


You had 4 spell levels left.
You didn't know any spells.
Your spell library contained the following spells:

 Spells                   Type           Power      Damage    Failure   Level
 Apportation              Tloc           0%         N/A       100%        1
 Necrotise                Necr           0%         1d4       100%        1
 Sting                    Tmut/Pois      0%         1d3       100%        1
 Summon Small Mammal      Summ           0%         N/A       100%        1
 Ensorcelled Hibernation  Hex/Ice        0%         N/A       100%        2
 Passwall                 Tmut/Erth      0%         N/A       100%        2
 Poisonous Vapours        Pois/Air       0%         N/A       100%        2
 Dazzling Flash           Conj/Hex       0%         N/A       100%        3
 Swiftness                Air            0%         N/A       100%        3
 Iskenderun's Mystic Bla  Conj/Tloc      0%         2d3       100%        4
 Olgreb's Toxic Radiance  Pois           0%         N/A       100%        4
 Starburst                Conj/Fire      0%         6d3       100%        6


Dungeon Overview and Level Annotations

Branches:
Dungeon (5/15)             Temple (1/1) D:4

Altars:
Gozag
Hepliaklqana
Kikubaaqudgha
Makhleb
Nemelex Xobeh
Qazlal
Ru
Trog
Uskayaw
Xom
The Shining One

Shops:
D:4 [

Annotations:
D:5 1 runed translucent door


Innate Abilities, Weirdness & Mutations

You have a pair of horns on your head.
You reflexively headbutt those who attack you in melee.


Message History

You see here an iguana corpse.
You see here a +0 quarterstaff.
There is a stone staircase leading up here.
There is an open door here.
There is an open door here.
Done exploring.
Done exploring.
There is an escape hatch in the floor here.
There is a stone staircase leading down here.
You fly downwards.
There is a stone staircase leading up here.
You pick up a book of Cantrips and begin reading...
You add the spells Necrotise, Summon Small Mammal and Apportation to your library.
Found a stone staircase leading down.
There is a stone staircase leading down here.
Found a stone staircase leading up.
You now have 257 gold pieces (gained 9).
Found an ancient bone altar of Kikubaaqudgha.
You pick up a book of Spectacle and begin reading...
You add the spells Dazzling Flash, Iskenderun's Mystic Blast and Starburst to your library.
Found a scroll labelled QUORRE XULANUU.
There is an ancient bone altar of Kikubaaqudgha here.
l - 2 scrolls labelled QUORRE XULANUU (gained 1)
Found a runed translucent door.
Found a stone staircase leading down.
Found a scroll labelled JECOAG ZOEXT.
e - 11 scrolls labelled LAAPOO SEDU (gained 1)
y - a scroll labelled JECOAG ZOEXT An ogre comes into view.
It is wielding a +0 giant club.
The ogre shouts!
Found a ring mail.
The ogre hits you with a +0 giant club!!
Ouch! That really hurt!
You slash the ogre! You freeze the ogre.
The ogre is moderately wounded.
The ogre attacks as you move away! The ogre hits you with a +0 giant club.
* * * LOW HITPOINT WARNING * * *
The ogre attacks as you move away!
The ogre hits you with a +0 giant club!!
You die...

.#+#...... ....
..........
####..####.##..#.....
#........#.#.......# ##
###........#.#.##...####.
#..........#.#...........
#..........#..........###
#..........#..........###
#......O@...>..........##
#......................##
#....#####.............#
#.... #.............#
#... #.....#####...# #...
#............... ..[.
#............... ...#
#...............
########### ..##


You could see an ogre.

Vanquished Creatures
  A jelly (D:4)
  A hound (D:4)
  An iguana (D:4)
  An orc wizard (D:3)
  5 adders
  4 dart slugs (D:4)
  5 orcs
  4 ball pythons
  10 endoplasms
  2 giant cockroaches
  5 goblins
  10 hobgoblins
  4 quokkas
  5 bats
  3 frilled lizards (D:1)
  6 kobolds
  4 rats (D:2)
71 creatures vanquished.

Vanquished Creatures (others)
  3 plants (D:4)
3 creatures vanquished.

Grand Total: 74 creatures vanquished

Notes
Turn   | Place    | Note
-------+----------+-------------------------------------------
     0 | D:1      | Harunobu the Minotaur Monk began the quest for the Orb.
     0 | D:1      | Reached XP level 1. HP: 19/19 MP: 0/0
     9 | D:1      | Noticed a centaur
   125 | D:1      | Reached XP level 2. HP: 25/27 MP: 1/1
   228 | D:1      | Reached skill level 4 in Fighting
  1008 | D:2      | Reached XP level 3. HP: 33/33 MP: 2/2
  2040 | D:3      | Reached XP level 4. HP: 22/41 MP: 3/3
  2115 | D:3      | Found an opulent altar of Gozag.
  2564 | D:4      | Found a staircase to the Ecumenical Temple.
  2584 | Temple   | Entered the Ecumenical Temple
  2602 | Temple   | Became a worshipper of the Shining One
  2602 | Temple   | Reached * piety under the Shining One
  2602 | Temple   | Reached ** piety under the Shining One
  2627 | D:4      | Found Noippa's Antique Armour Shoppe.
  2674 | D:4      | Reached XP level 5. HP: 41/47 MP: 4/4
  2705 | D:4      | Found a shimmering altar of Xom.
  2721 | D:4      | Reached skill level 5 in Fighting
  3279 | D:5      | Entered Level 5 of the Dungeon
  3344 | D:5      | Found an ancient bone altar of Kikubaaqudgha.
  3394 | D:5      | Found a runed translucent door.
  3409 | D:5      | Noticed an ogre
  3417 | D:5      | Mangled by an ogre

Illustrated notes

Levels and vault maps discovered:
D:1:      evilmike_arrival_come_back, layout_loops_ring
D:2:      layout_loops_corners
D:3:      layout_basic, mainiacjoe_overflow_paths
D:4:      layout_loops_ring, mainiacjoe_overflow_24_doors, temple_green,
          serial_shops, nicolae_shop_overgrown_old_shop, abandoned_shop
D:5:      layout_basic, zin_treasury, nicolae_overflow_crystal_walls,
          mainiacjoe_overflow_concentric_impassable, ebering_ghost_sewer_d
Temple:   hellmonk_temple_rainy

Skill      XL: |  1  2  3  4  5 |
---------------+----------------+-----
Stealth        | 2 3 |  3.4
Fighting       | 4 5 |  5.4
Dodging        | 4 |  4.9
Maces & Flails | |  3.6

Action                   |  1- 3 |  4- 6 || total
-------------------------+-------+-------++-------
Melee: Mace              |    57 |       ||    57
       Headbutt          |     6 |     9 ||    15
       Hand axe          |    20 |    42 ||    62
       Whip              |       |     9 ||     9
 Stab: Sleeping          |     4 |     4 ||     8
Armor: Robe              |    20 |       ||    20
       Chain mail        |       |    17 ||    17
Dodge: Dodged            |    50 |    24 ||    74

Table legend: (Time is in decaauts)
 A = Elapsed time spent in this place.
 B = Non-inter-level travel time spent in this place.
 C = Inter-level travel time spent in this place.
 D = Time resting spent in this place.
 E = Time spent auto-exploring this place.
 F = Levels seen in this place.
 G = Mean time per level.
                   A        B        C        D        E       F      G
               +--------+--------+--------+--------+--------+-----+--------+
         Total |   3437 |   3323 |    114 |    416 |   2154 |   6 |  572.8 |
       Dungeon |   3413 |   3304 |    109 |    416 |   2154 |   5 |  682.6 |
        Temple |     24 |     19 |      5 |      0 |      0 |   1 |   24.0 |
               +--------+--------+--------+--------+--------+-----+--------+

Top non-repeatable levels by time:
     D:1: 996 daAuts
     D:2: 906 daAuts
     D:4: 721 daAuts
     D:3: 650 daAuts
     D:5: 137 daAuts
  Temple: 24 daAuts
